 Dungeon Crawl Stone Soup version 0.19.1-1-g22dce08 (webtiles) character file.

279 dngmouse the Cleaver (level 6, 0/52 HPs)
             Began as a Hill Orc Fighter on Jan 15, 2017.
             Succumbed to an orc priest's poison
             ... on level 4 of the Dungeon.
             The game lasted 00:05:19 (2739 turns).

dngmouse the Cleaver (Hill Orc Fighter)             Turns: 2739, Time: 00:05:19

Health: 0/52       AC:  8    Str: 21    XL:     6   Next: 26%
Magic:  6/6        EV:  7    Int:  8    God:
Gold:   205        SH:  9    Dex: 10    Spells: 0 memorised, 5 levels left

rFire  . . .     SeeInvis .     a - +1 war axe
rCold  . . .     Gourm    .     b - +0 scale mail
rNeg   + . .     Faith    .     c - +0 shield
rPois  .         Spirit   .     (no helmet)
rElec  .         Reflect  .     (no cloak)
rCorr  .         Harm     .     (no gloves)
MR     .....                    (no boots)
Stlth  ..........               (no amulet)
                                q - ring of positive energy
                                h - +2 ring of protection

@: lethally poisoned (0 -> -1)
A: no striking features
a: no special abilities


You were on level 4 of the Dungeon.
You were very hungry.

You visited 1 branch of the dungeon, and saw 4 of its levels.

You collected 205 gold pieces.

Inventory:

Hand Weapons
 a - a +1 war axe (weapon)
Missiles
 u - 6 javelins (quivered)
Armour
 b - a +0 scale mail (worn)
 c - a +0 shield (worn)
Jewellery
 h - a +2 ring of protection (left hand)
 q - a ring of positive energy (right hand)
Scrolls
 e - 3 scrolls of enchant weapon
 j - a scroll of random uselessness {unknown}
 k - a scroll of enchant armour {unknown}
 l - 5 scrolls of identify
 m - a scroll of fog {unknown}
 n - a scroll of remove curse
 r - a scroll of magic mapping {unknown}
 s - a scroll of teleportation {unknown}
 v - a scroll of noise {unknown}
Potions
 d - 4 potions of might
 g - 3 potions of flight
 o - a potion of brilliance {unknown}
 p - 2 potions of haste {unknown}
 t - a potion of mutation {unknown}
 x - a potion of lignification {unknown}
Comestibles
 f - a bread ration
 i - 2 meat rations
 w - 5 fruits


   Skills:
 - Level 4.0 Fighting
 * Level 8.2 Axes
 - Level 3.2 Armour
 - Level 3.2 Shields


You had 5 spell levels left.
You didn't know any spells.

Dungeon Overview and Level Annotations

Branches:
Dungeon (4/15)
 Temple: D:4-7

Altars:


Message History

You are too injured to fight recklessly!
You are too injured to fight recklessly!
You slash the orc priest!
You kill the orc priest!
You barely miss something. You miss something. You block something's attack.
You closely miss something.
You feel sick. Something hits you but does no damage.
You slash something! You hit something.
You hear some strange, mumbled words.
A puff of flame appears from out of thin air!
The puff of flame hits you!
You closely miss something.
You hear some strange, mumbled words.
A puff of flame appears from out of thin air!
The puff of flame hits you!
* * * LOW HITPOINT WARNING * * *
You barely miss something.
You die...

........ ...(.....+
#.#.##### .........#
#....<... .........#
#........ .........#
#........ .........#
#.......? .........#
#........ .........#
#{)...... .....†...#
#@)...... .........#
#........
.#+##)..########?....!..
.####...................
........................
...##.###...####........
... #.# #...# #.#.#####
... #.# #...# #.#.# ...
#.# #...# #.#.#


There were no monsters in sight!

Vanquished Creatures
  A scorpion (D:4)
  2 orc priests (D:4)
  Natasha (twice) (D:4)
  3 adders
  5 worms
  3 dart slugs
  2 leopard geckos
  6 orcs
  6 giant cockroaches
  4 goblins
  4 hobgoblins
  4 jackals
  8 kobolds
  2 quokkas
  12 bats
  5 frilled lizards
  4 rats
73 creatures vanquished.

Notes
Turn   | Place    | Note
-------+----------+-------------------------------------------
     0 | D:1      | dngmouse the Hill Orc Fighter began the quest for the Orb.
     0 | D:1      | Reached XP level 1. HP: 19/19 MP: 1/1
    26 | D:1      | Reached skill level 3 in Axes
    31 | D:1      | Reached XP level 2. HP: 14/27 MP: 2/2
   303 | D:1      | Reached skill level 4 in Axes
   574 | D:1      | Reached XP level 3. HP: 33/33 MP: 3/3
  1220 | D:2      | Found a faded altar of an unknown god.
  1261 | D:2      | Reached skill level 5 in Axes
  1278 | D:2      | Reached XP level 4. HP: 27/40 MP: 4/4
  1964 | D:3      | Reached skill level 6 in Axes
  2317 | D:3      | Reached XP level 5. HP: 46/46 MP: 5/5
  2358 | D:4      | Noticed Natasha
  2367 | D:4      | Killed Natasha
  2376 | D:4      | Noticed Natasha
  2386 | D:4      | Killed Natasha
  2386 | D:4      | Reached skill level 7 in Axes
  2603 | D:4      | Reached skill level 8 in Axes
  2603 | D:4      | Reached XP level 6. HP: 17/52 MP: 6/6
  2738 | D:4      | HP: 1/52 [something/puff of flame (12)]
  2739 | D:4      | Succumbed to an orc priest's poison

Skill      XL: |  1  2  3  4  5 |
---------------+----------------+-----
Axes           | 3 4 5 6 8 |  8.2
Fighting       | 4 |  4.0
Armour         | |  3.2
Shields        | |  3.2

Action                   |  1- 3 |  4- 6 || total
-------------------------+-------+-------++-------
Melee: War axe           |    94 |   124 ||   218
  Use: Scroll            |       |     3 ||     3
  Eat: Chunk             |     1 |     4 ||     5
Armor: Scale mail        |    45 |    47 ||    92
Dodge: Dodged            |    30 |    31 ||    61
Block: Shield            |    57 |    47 ||   104
